 Dungeon Crawl Stone Soup version 0.31.0-10-gcf4a605ca0 (webtiles) character file.

Game seed: 12291551380362502458

89 Arcadio the Ruffian (level 4, -1/34 HPs)
             Began as a Merfolk Shapeshifter on Jan 25, 2024.
             Slain by a gnoll
             ... wielding a +0 spear
              (4 damage)
             ... on level 2 of the Dungeon.
             The game lasted 00:02:48 (1677 turns).

Arcadio the Ruffian (Merfolk Shapeshifter)          Turns: 1677, Time: 00:02:48

Health: -1/34      AC:  5    Str: 16    XL:     4   Next: 55%
Magic:  4/4        EV: 12    Int:  9    God:
Gold:   100        SH:  0    Dex: 13    Spells: 3/3 levels left

rFire   . .          .
                       - Unarmed
rCold   . . .        (no shield)
rNeg    . . .        p - +0 ring mail
rPois   .            (helmet currently unavailable)
rElec   .            (cloak currently unavailable)
rCorr   .            (gloves currently unavailable)
SInv    .            (boots currently unavailable)
Will    .....        (no amulet)
Stlth   +            (no ring)
HPRegen 0.25/turn    (no ring)
MPRegen 0.09/turn

%: no passive effects
@: beast-form
A: beast (slay +2), (nimble swimmer 2), mertail
a: Begin Untransformation


You were on level 2 of the Dungeon.
You were a hulking beast.
You visited 1 branch of the dungeon, and saw 2 of its levels.

You collected 100 gold pieces.

Inventory:

Armour
 a - a +0 animal skin
 f - a +0 chain mail
 p - a +0 ring mail (worn)
Talismans
 c - a beast talisman
 d - a flux talisman
Scrolls
 g - a scroll of fog
 h - a scroll of teleportation
 i - a scroll of noise {unknown}
 j - a scroll of silence {unknown}
 k - a scroll of immolation {unknown}
 l - a scroll of butterflies {unknown}
 m - a scroll of enchant armour {unknown}
 n - a scroll of blinking {unknown}
 r - a scroll of fear {unknown}
 t - a scroll of revelation {unknown}
Potions
 b - a potion of lignification
 e - 3 potions of enlightenment
 o - a potion of curing
 q - a potion of resistance {unknown}
 s - a potion of mutation {unknown}
 u - a potion of might {unknown}


   Skills:
 + Level 2.8 Fighting
 + Level 4.1 Dodging
 + Level 4.2 Unarmed Combat
 - Level 4.0 Shapeshifting


You had 3 spell levels left.
You didn't know any spells.
Your spell library contained the following spells:

 Spells                   Type           Power      Damage    Failure   Level
 Kiss of Death            Conj/Necr      0%         2d5       61%         1
 Confusing Touch          Hex            0%         N/A       93%         3
 Inner Flame              Hex/Fire       0%         N/A       93%         3
 Summon Ice Beast         Ice/Summ       0%         N/A       93%         3
 Dispel Undead            Necr           0%         3d6       100%        4
 Irradiate                Conj/Alch      0%         3d11      100%        5
 Summon Mana Viper        Hex/Summ       0%         N/A       100%        5
 Monstrous Menagerie      Summ           0%         N/A       100%        7
 Ignition                 Fire           0%         3d3       100%        8


Dungeon Overview and Level Annotations

Branches:
Dungeon (2/15)

Altars:

Shops:
D:1 [


Innate Abilities, Weirdness & Mutations

You are a hulking beast.
Your limbs bulge with bestial killing power. (Slay +2)
((You are very nimble when in or above water. (Stealth+, EV+, Speed+++)))
Your lower body shifts to a powerful aquatic tail in water.


Message History

A gnoll comes into view.
It is wielding a +0 flail and quivering 2 throwing nets.
The gnoll throws a throwing net.
The throwing net misses you.
You see here a throwing net.
A gnoll comes into view. It is wielding a +0 spear.
The gnoll shouts!
The gnoll misses you. The gnoll barely misses you.
You hit the gnoll but do no damage. The gnoll closely misses you.
The gnoll hits you from afar with a +0 spear.
You hit the gnoll.
The gnoll is moderately wounded.
The gnoll barely misses you.
The gnoll hits you from afar with a +0 spear.
You hit the gnoll but do no damage.
The gnoll is moderately wounded.
The gnoll closely misses you.
The gnoll hits you from afar with a +0 spear.
You hit the gnoll.
The gnoll is severely wounded.
The gnoll hits you with a +0 flail! The gnoll barely misses you.
You punch the gnoll!
You kill the gnoll!
The gnoll barely misses you.
Your Dodging skill increases to level 4!
You punch the gnoll!
The gnoll is severely wounded.
The gnoll barely misses you.
The gnoll hits you from afar with a +0 spear.
You hit the gnoll.
The gnoll is almost dead.
The gnoll hits you with a +0 club. The gnoll closely misses you.
You barely miss the gnoll.
The gnoll is almost dead.
The gnoll hits you but does no damage.
The gnoll hits you from afar with a +0 spear!
* * * LOW HITPOINT WARNING * * *
You hit the gnoll.
You kill the gnoll!
The gnoll attacks as it pursues you!
The gnoll hits you from afar with a +0 spear.
You die...

.. #.#.# #.#.# #####.#.#
#
........#############.###
.............)..h.g.)...#
.......##.........###.#.#
....................# #
..................#.#
.............######.#
#...###......## .
#.............# ##
##............#
..............#


You could see a gnoll.

Vanquished Creatures
  An adder (D:2)
  3 gnolls (D:2)
  A ribbon worm (D:2)
  2 dart slugs
  2 bats
  An endoplasm (D:1)
  3 giant cockroaches (D:2)
  3 goblins (D:1)
  7 hobgoblins
  6 jackals (D:1)
  A quokka (D:2)
  3 ball pythons
  5 frilled lizards
  3 kobolds (D:1)
  3 rats
44 creatures vanquished.

Notes
Turn   | Place    | Note
-------+----------+-------------------------------------------
     0 | D:1      | Arcadio the Merfolk Shapeshifter began the quest for the
                  | Orb.
     0 | D:1      | Reached XP level 1. HP: 15/15 MP: 1/1
   111 | D:1      | Reached XP level 2. HP: 5/21 MP: 2/2
   376 | D:1      | Found Imiujik's Antique Armour Boutique.
   629 | D:1      | Reached XP level 3. HP: 23/27 MP: 3/3
  1575 | D:2      | Reached XP level 4. HP: 30/34 MP: 4/4
  1677 | D:2      | Slain by a gnoll

Illustrated notes

Levels and vault maps discovered:
D:1:      amcnicky_arrival_abandoned_market, layout_basic, serial_shops, shop,
          minmay_tripent
D:2:      layout_basic, basic_altar, serial_shops, nicolae_shop_tiny_waterfront,
          st_stairs_3

Skill      XL: |  1  2  3  4 |
---------------+-------------+-----
Dodging        | 3 4 |  4.1
Fighting       | 2 |  2.8
Unarmed Combat | 4 |  4.2
Shapeshifting  | |  4.0

Action                     |  1- 3 |  4- 6 || total
---------------------------+-------+-------++-------
  Melee: Unarmed           |   102 |    20 ||   122
         Punch             |     5 |       ||     5
    Use: Scroll            |     4 |       ||     4
   Stab: Sleeping          |     1 |       ||     1
 Armour: Animal skin       |    31 |       ||    31
         Ring mail         |    28 |    13 ||    41
  Dodge: Dodged            |    49 |    13 ||    62
